Cogmind - Beta 14 @@@ ROGUE MODE // 2025.01.18 @ 18:54:48 Player: Isakabibble Result: Destroyed by S-10 Pest with Light Assault Rifle Performance ------------- Evolutions (0) 0 Regions Visited (1) 200 Robots Destroyed (18) 90 Value Destroyed (331) 331 Prototype IDs (0) 0 Alien Tech Used (0) 0 Bonus (0) 0 TOTAL SCORE: 621 Bonus ------- None Cogmind --------- Core Integrity 0/250 Matter 238/300 Energy 160/160 System Corruption 5% Temperature Cool (0) Movement Rolling (100) Location -10/Materials Parts ------- > --- POWER (1) -------- Light Nuclear Core > --- PROPULSION (2) --- Compact Wheel > --- UTILITY (2) ------ Small Storage Unit Seismic Detector > --- WEAPON (2) ------- Assault Rifle Assault Rifle > --- INVENTORY (8) ---- Ion Engine Wheel Mining Laser Peak State ------------ > --- POWER ------------ Ion Engine > --- PROPULSION ------- Wheel Compact Wheel > --- UTILITY ---------- Small Storage Unit Improved Terrain Scanner > --- WEAPON ----------- Assault Rifle > --- INVENTORY -------- Ion Engine Wheel [Rating: 8] Favorites ----------- Power Ion Engine Engine Ion Engine Power Core Light Nuclear Core Propulsion Compact Wheel Wheel Compact Wheel Utility Small Storage Unit Device Seismic Detector Storage Small Storage Unit Weapon Assault Rifle Ballistic Gun Assault Rifle Build | -11 -10 ------- Run | Yrd Mat Slots Evolved . | . . Power . | . . Propulsion . | . . Utility . | . . Weapon . | . . Parts Attached 13 | 7 6 Power 2 | 1 1 Engine 1 | 1 . Core 1 | . 1 Reactor . | . . Propulsion 3 | 2 1 Treads . | . . Leg . | . . Wheel 3 | 2 1 Hover . | . . Flight . | . . Utility 3 | 3 . Device 2 | 2 . Storage 1 | 1 . Processor . | . . Hackware . | . . Protection . | . . Artifact . | . . Weapon 5 | 1 4 Energy Gun . | . . Energy Cannon . | . . Ballistic Gun 5 | 1 4 Ballistic Cannon . | . . Launcher . | . . Special Weapon . | . . Impact Weapon . | . . Slashing Weapon . | . . Piercing Weapon . | . . Special Melee Weapon . | . . Unidentified Prototypes . | . . Parts Lost 6 | . 6 Power 1 | . 1 Propulsion 2 | . 2 Utility . | . . Weapon 3 | . 3 Highest Loss Streak 4 | . 4 To Critical Strikes . | . . Average Slot Usage (%) 93 | . 93 Engine 12 | . 12 Wheel 26 | . 26 Device 14 | . 14 Storage 14 | . 14 Ballistic Gun 24 | . 24 Peak Build Rating 8 | 8 8 Average Rating 6 | 5 6 On Entrance 3 | . 6 Naked Turns . | . . Heaviest Build 15 | 13 15 Greatest Support 26 | 26 26 Greatest Overweight (x) . | . . Average Overweight (x) . | . . Largest Inventory Capacity 8 | 8 8 Average Capacity 7 | 7 8 Most Carried 7 | 4 7 Average Carried 4 | 1 6 Final Capacity 8 | 8 8 Final Carried 4 | 4 3 Class Distribution -------------------- 100% | Mutant Dominant Class ---------------- Mutant | -10/Materials Resources | -11 -10 ----------- Run | Yrd Mat Matter Collected 529 | 393 136 Remotely . | . . Salvage Created 587 | 281 306 Parts 45 | 28 17 Haulers Intercepted . | . . Recyclers Shooed 1 | 1 . Parts Field Recycled . | . . Retrieved Matter . | . . Parts Self-Destructed . | . . Prevented . | . . Kills | -11 -10 ------- Run | Yrd Mat Combat Hostiles Destroyed 8 | . 8 Guns 7 | . 7 AOE 1 | . 1 Classes Destroyed 5 | 3 2 Worker 2 | 2 . Tunneler 7 | 7 . Recycler 1 | 1 . Swarmer 1 | . 1 Grunt 7 | . 7 Best Kill Streak 3 | 3 2 Combat Bots Only 2 | . 2 Max Kills in Single Turn 1 | 1 1 Gunslinging . | . . Exploded 1 | . 1 Melee . | . . Uniques/NPCs Destroyed . | . . Combat | -11 -10 -------- Run | Yrd Mat Hostile Shots Fired 60 | . 60 Missed 12 | . 12 Damage Taken 772 | . 772 Core 253 | . 253 Absorbed by Shields . | . . Core Remaining (%) 100 | 100 . Volleys Fired 79 | 41 38 Largest 2 | 1 2 Hottest 40 | 20 40 Shots Fired 97 | 41 56 Gun 97 | 41 56 Cannon . | . . Launcher . | . . Special . | . . Kinetic 97 | 41 56 Thermal . | . . Explosive . | . . Electromagnetic . | . . Robot Hit Streak 12 | 6 12 Robot Miss Streak 3 | 3 2 Penetration Max . | . . Secondary Targets 1 | . 1 Max Gunslinging Chain 1 | . 1 Shots Hit Robots 62 | 23 39 Core Hits 26 | 10 16 Critical Kills . | . . Critical Parts Destroyed . | . . Critical Strikes . | . . Melee Attacks . | . . Impact . | . . Slashing . | . . Piercing . | . . Sneak Attacks . | . . Combat Hostiles . | . . Follow-up Attacks . | . . Damage Inflicted 825 | 306 519 Guns 825 | 306 519 Cannons . | . . Explosions . | . . Melee . | . . Ramming . | . . Kinetic 825 | 306 519 Thermal . | . . Explosive . | . . Electromagnetic . | . . Impact . | . . Slashing . | . . Piercing . | . . Highest Corruption 5 | . 5 Average Corruption 4 | . 4 Corruption Purged . | . . Corruption Blocked . | . . Effects 3 | . 3 Message Errors 2 | . 2 Weapon Failures 1 | . 1 Overload Shots . | . . Overflow Damage . | . . Projectiles . | . . Explosions . | . . Melee . | . . Knockbacks . | . . Impact . | . . Kinetic . | . . Secondary . | . . Self-Inflicted Damage . | . . Shots . | . . Rammed . | . . Targets Rammed . | . . Kicked . | . . Crushed . | . . Highest Temperature 12 | . 12 Average Temperature 3 | . 3 Received Heat Transfer 288 | . 288 Siege Activations . | . . Robots Corrupted . | . . Combat Hostiles . | . . Parts Fried . | . . Impact Corruptions . | . . Robots Melted . | . . Combat Hostiles . | . . Parts Melted . | . . Heat Transferred . | . . Parts Sabotaged . | . . Parts Stolen . | . . Parts Stripped . | . . Power Chain Reactions . | . . Alert | -11 -10 ------- Run | Yrd Mat Peak Influence 272 | 50 272 Initial 32 | . 32 Average 91 | 25 133 Maximum Alert Level 1 | . 1 Low Security (%) 79 | 100 65 Level 1 20 | . 34 Level 2 . | . . Level 3 . | . . Level 4 . | . . Level 5 . | . . High Security . | . . Max Security . | . . Squads Dispatched 5 | . 5 Investigation 2 | . 2 Extermination . | . . Reinforcement 3 | . 3 Assault . | . . Garrison . | . . Intercept . | . . Searches Triggered . | . . Construction Impeded . | . . Haulers Reinforced . | . . Active Scanning Responses . | . . Cargo Convoy Interrupts . | . . Stealth | -11 -10 --------- Run | Yrd Mat Distress Signals 1 | . 1 Communications Jammed . | . . Distress Signals . | . . Times Spotted 19 | . 19 Peak Tracking Total 5 | . 5 Tactical Retreats 2 | . 2 Traps | -11 -10 ------- Run | Yrd Mat Traps Triggered 4 | . 4 Indirectly . | . . Trap Hack Attempts . | . . Triggered . | . . Disarmed . | . . Reprogrammed . | . . Reused . | . . Traps Extracted . | . . Installed . | . . Triggered . | . . Machines | -11 -10 ---------- Run | Yrd Mat Machines Disabled . | . . Max in Single Turn . | . . Machines Repaired . | . . Machines Dismantled . | . . Machines Sabotaged . | . . Overloaded Fab Kills . | . . Hacking | -11 -10 --------- Run | Yrd Mat Machines Accessed 2 | . 2 Terminals 2 | . 2 Fabricators . | . . Repair Stations . | . . Recycling Units . | . . Scanalyzers . | . . Garrison Access . | . . Total Hacks 6 | . 6 Successful 3 | . 3 Failed 3 | . 3 Catastrophic 1 | . 1 Database Lockouts . | . . Manual . | . . Terminals 6 | . 6 Fabricators . | . . Repair Stations . | . . Recycling Units . | . . Scanalyzers . | . . Garrison Access . | . . Terminal Hacks 3 | . 3 Record 2 | . 2 Alert Level 1 | . 1 Fabricator Hacks . | . . Repair Station Hacks . | . . Recycling Unit Hacks . | . . Scanalyzer . | . . Garrison Access Hacks . | . . Unauthorized Hacks . | . . Terminals . | . . Fabricators . | . . Repair Stations . | . . Recycling Units . | . . Scanalyzers . | . . Garrison Access . | . . Data Cores Recovered . | . . Used . | . . Hacking Detections 2 | . 2 Full Trace Events 2 | . 2 Feedback Events . | . . Feedback Blocked . | . . Robot Schematics Acquired . | . . Robots Built . | . . Authchips . | . . Time . | . . Total Robot Build Rating . | . . Part Schematics Acquired . | . . Parts Built . | . . Authchips . | . . Time . | . . Total Part Build Rating . | . . Parts Repaired . | . . Time . | . . Parts Recycled . | . . Recycled Matter . | . . Retrieved Matter . | . . Retrieved Components . | . . Parts Scanalyzed . | . . Part Schematics Acquired . | . . Parts Damaged . | . . Bothacking | -11 -10 ------------ Run | Yrd Mat Used RIF Installer . | . . Robots Hacked . | . . Non-combat . | . . Combat . | . . Robot Hacks Applied . | . . Relay Couplers Released . | . . Fabnet Peak Effective % . | . . Robots Rewired . | . . Allies Hacked . | . . Hacks Repelled . | . . Allies | -11 -10 -------- Run | Yrd Mat Total Allies . | . . Largest Group . | . . Highest-Rated Group . | . . Highest-Rated Ally . | . . Total Orders . | . . Ally Attacks . | . . Total Damage . | . . Kills . | . . Allies Corrupted . | . . Allies Melted . | . . Intel | -11 -10 ------- Run | Yrd Mat Robot Analysis Total . | . . Derelict Logs Recovered . | . . Drone Launches . | . . Drone Recoveries . | . . Exploration | -11 -10 ------------- Run | Yrd Mat Turns Passed 712 | 280 432 Spaces Moved 495 | 205 290 Core 3 | 3 . Treads . | . . Legs . | . . Wheels 492 | 202 290 Hover . | . . Flight . | . . Fastest Speed 50 | 50 90 Average Speed 90 | 89 91 Slowest Speed 100 | 90 100 Overloaded Moves . | . . Propulsion Burnouts . | . . Robots Hopped . | . . Cave-ins Triggered . | . . Exploration Rate (%) 23 | 5 42 Regions Visited 1 Branch Regions . Pre-discovered Areas . | . . Known Exits Taken . | . . Unknown Exits Taken 1 | 1 . Scrap Searched . | . . Spaces Dug . | . . Terrain Destroyed . | . . Melee . | . . Projectile . | . . AOE . | . . Terrain Rammed . | . . Walls Destroyed . | . . Machines Disabled . | . . Actions | -11 -10 --------- Run | Yrd Mat Total 660 | 259 401 Wait 63 | . 63 Move 494 | 204 290 Hop . | . . Pick Up 9 | 5 4 Fast Attach 7 | 6 1 Attach 6 | 1 5 Detach 1 | 1 . Swap . | . . Drop 1 | 1 . Fire 79 | 41 38 Melee . | . . Ram . | . . Kick . | . . Crush . | . . Escape Stasis . | . . Rewire . | . . Trap . | . . Miscellaneous . | . . Route ------- -11/Scrapyard -10/Materials History --------- Turn | Location | Event 22 | -11/Scrapyard | Discovered new exit (range 16) 281 | -11/Scrapyard | Entered Materials 301 | -10/Materials | Build established: Mutant 648 | -10/Materials | Core integrity fell below 50% 663 | -10/Materials | Core integrity fell below 20% 693 | -10/Materials | Lost 4 parts (1p1n2w) 713 | -10/Materials | Destroyed by S-10 Pest with Light Assault Rifle Last Messages --------------- Assault Rifle destroyed. U-05 Engineer lays Concrete. Nuclear Reactor explodes. U-05 Engineer destroyed. G-34 Mercenary destroyed. U-05 Engineer destroyed. G-34 Mercenary destroyed. G-47 Trooper destroyed. U-05 Engineer destroyed. Wheel destroyed. Nuclear Reactor explodes. Assault Rifle destroyed. Ion Engine destroyed. Connecting with Terminal... T-07 Excavator is excavating. The unstable cave ceiling collapses. ICZAU QK